 Dungeon Crawl Stone Soup version 0.28-b1-25-g9875b3fc8c (webtiles) character file.

Game seed: 8574928531174073038

77 sanka the Ducker (level 4, 0/27 HPs)
             Began as a Tengu Enchanter on Feb 5, 2022.
             Slain by an orc priest (8 damage)
             ... on level 2 of the Dungeon.
             The game lasted 00:02:53 (3300 turns).

sanka the Ducker (Tengu Enchanter)                  Turns: 3300, Time: 00:02:54

Health: 0/27       AC:  3    Str:  8    XL:     4   Next: 34%
Magic:  8/8        EV: 13    Int: 18    God:
Gold:   92         SH:  0    Dex: 14    Spells: 7/7 levels left

rFire   . . .      SeeInvis .   l - +0 rapier
rCold   . . .      Faith    .   (no shield)
rNeg    . . .      Spirit   .   b - +0 robe
rPois   .          Reflect  .   (helmet restricted)
rElec   .          Harm     .   (no cloak)
rCorr   .          Rampage  .   g - +0 pair of gloves
Will    .....                   (boots unavailable)
Stlth   ++........              (no amulet)
HPRegen 0.09/turn               (no ring)
MPRegen 0.11/turn               (no ring)

@: no status effects
A: beak, talons 3
a: no special abilities


You were on level 2 of the Dungeon.
You visited 1 branch of the dungeon, and saw 3 of its levels.

You collected 141 gold pieces.
You spent 49 gold pieces at shops.

Inventory:

Hand Weapons
 a - a +1 dagger
 l - a +0 rapier (weapon)
Armour
 b - a +0 robe (worn)
 g - a +0 pair of gloves (worn)
Scrolls
 e - 3 scrolls of identify {unknown}
 f - 2 scrolls of magic mapping {unknown}
 h - 2 scrolls of enchant weapon {unknown}
 i - a scroll of fear {unknown}
Potions
 c - 2 potions of invisibility
 d - 2 potions of heal wounds {unknown}
 j - a potion of lignification {unknown}
 k - a potion of brilliance {unknown}
 m - a potion of resistance {unknown}


   Skills:
 + Level 2.6 Fighting
 - Level 1.1 Short Blades
 + Level 3.7 Dodging
 - Level 3.0 Stealth
 - Level 2.0 Spellcasting
 - Level 2.1 Hexes


You had 7 spell levels left.
You didn't know any spells.
Your spell library contained the following spells:

 Spells                   Type           Power      Damage    Failure   Level
 Ensorcelled Hibernation  Hex/Ice        10%        N/A       17%         2
 Confusing Touch          Hex            9%         N/A       22%         3
 Tukima's Dance           Hex            9%         N/A       22%         3
 Dazzling Flash           Conj/Hex       10%        N/A       34%         3
 Stone Arrow              Conj/Erth      2%         3d7       47%         3
 Animate Armour           Summ/Erth      2%         N/A       87%         4
 Lehudib's Crystal Spear  Conj/Erth      0%         10d2      100%        8


Dungeon Overview and Level Annotations

Branches:
Dungeon (3/15)

Altars:
Gozag
Kikubaaqudgha
Okawaru
Uskayaw
Xom

Shops:
D:1 [


Innate Abilities, Weirdness & Mutations

You have a beak for a mouth.
You have claws for feet.


Message History

You kill the orc!
No target in view!
No target in view!
You start resting.
HP restored.
You climb downwards.
The adder bites you. The adder barely misses you. The orc priest misses you.
There is a stone staircase leading up here.
Unknown command.
The adder bites you. The orc priest closely misses you.
You climb upwards.
There is a stone staircase leading down here.
Unknown command.
You barely miss the orc priest. You claw the orc priest.
The orc priest is lightly wounded.
The adder bites you.
You are poisoned.
The adder poisons you!
The orc priest casts a cantrip, but nothing happens.
The adder bites you.
You hit the orc priest but do no damage.
You claw the orc priest.
The orc priest is lightly wounded.
You feel sick. The adder bites you. The orc priest misses you.
The adder bites you.
Unknown command.
You barely miss the orc priest.
You claw the orc priest, but do no damage.
The orc priest is lightly wounded.
You feel sick. The orc priest closely misses you. The adder misses you.
Unknown command.
You completely miss the orc priest. You claw the orc priest.
The orc priest is moderately wounded.
You feel sick.
You are no longer poisoned.
The orc priest hits you with a +0 flail.
* * * LOW HITPOINT WARNING * * *
The adder bites you but does no damage.
The orc priest hits you with a +0 flail!
You die...

..#.#.# #.......######......#...÷
#...### #........................
##.<.# #.......#...###≈≈≈...##..
##..## #...........#≈≈≈≈≈≈≈.....
#...###..........≈≈≈≈≈≈≈≈≈≈..#.
##>#...#........##≈≈≈≈≈≈≈≈≈≈....
#..###.#####...##≈≈≈≈#####≈.....
#.####.#####.####≈≈≈≈#...#≈...#.
##†#.......#...o@[≈≈≈≈#._.'....#.
...#............S#≈≈≈≈#...#......
.###.<.......#####≈≈≈≈#####≈##...
.# #..........)..†.≈≈≈≈≈≈≈≈≈≈#...
.# #.......###....#≈≈≈≈≈≈≈≈≈≈≈...
.# ######.## #......≈≈≈≈≈≈≈≈.....
.# #.# #....#.#..≈≈≈≈...... .#
#.# #....#.#.####..##... .# #.#
#....#...# ##.#####.


You could see an orc priest and an adder.

Vanquished Creatures
  A worm (D:2)
  A dart slug (D:1)
  3 orcs
  2 ball pythons (D:2)
  5 bats
  7 endoplasms
  2 giant cockroaches
  3 goblins
  5 hobgoblins
  14 jackals
  5 quokkas
  5 frilled lizards
  3 kobolds
  2 rats
58 creatures vanquished.

Notes
Turn   | Place    | Note
-------+----------+-------------------------------------------
     0 | D:1      | sanka the Tengu Enchanter began the quest for the Orb.
     0 | D:1      | Reached XP level 1. HP: 10/10 MP: 4/4
   299 | D:1      | Reached skill level 1 in Fighting
   299 | D:1      | Reached XP level 2. HP: 16/16 MP: 6/6
   834 | D:1      | Found Jaidghiu's Armour Shoppe.
  1179 | D:1      | Reached XP level 3. HP: 13/21 MP: 7/7
  1877 | D:1      | Bought a +0 pair of gloves for 49 gold pieces
  2720 | D:2      | Found a faded altar of an unknown god.
  2751 | D:2      | Reached XP level 4. HP: 23/27 MP: 8/8
  3124 | D:3      | Found an ancient bone altar of Kikubaaqudgha.
  3124 | D:3      | Found an opulent altar of Gozag.
  3135 | D:3      | Found a shimmering altar of Xom.
  3137 | D:3      | Found an iron altar of Okawaru.
  3139 | D:3      | Found a hide-covered altar of Uskayaw.
  3300 | D:2      | Slain by an orc priest

Illustrated notes

Levels and vault maps discovered:
D:1:      lightli_arrival_isolated_outpost, layout_basic, serial_shops, shop
D:2:      layout_rooms, nicolae_ecumenical_lake_church, hangedman_decor_push,
          st_stairs_2
D:3:      layout_basic, chequers_temple_overflow_minitemple

Skill      XL: |  1  2  3 |
---------------+----------+-----
Fighting       | 1 2 |  2.6
Dodging        | 3 |  3.7
Short Blades   | |  1.1
Stealth        | |  3.0
Spellcasting   | |  2.0
Hexes          | |  2.1

Action                   |  1- 3 |  4- 6 || total
-------------------------+-------+-------++-------
Melee: Dagger            |   151 |    12 ||   163
       Peck              |    21 |     5 ||    26
       Kick              |    36 |    13 ||    49
       Punch             |     1 |       ||     1
       Rapier            |       |    30 ||    30
 Stab: Sleeping          |     8 |     1 ||     9
Armor: Robe              |    29 |     4 ||    33
Dodge: Dodged            |   119 |    30 ||   149
